 Dungeon Crawl Stone Soup version 0.29.1-2-gbd0b4ee654 (webtiles) character file.

Game seed: 7530171299941717172

81 Icepheonix32 the Changer (level 4, -7/28 HPs)
             Began as an Octopode Transmuter on Nov 18, 2022.
             Mangled by a kobold
             ... wielding a +0 trident of freezing
              (8 damage)
             ... on level 2 of the Dungeon.
             The game lasted 00:04:09 (2051 turns).

Icepheonix32 the Changer (Octopode Transmuter)      Turns: 2051, Time: 00:04:10

Health: -7/28      AC:  1    Str:  9      XL:     4   Next: 42%
Magic:  7/7        EV: 13    Int: 14 (15) God:
Gold:   76         SH:  0    Dex: 11 (14) Spells: 6/7 levels left

rFire   . . .      SeeInvis .     - Unarmed
rCold   . . .      Faith    .   (no shield)
rNeg    . . .      Spirit   .   (helmet restricted)
rPois   .          Reflect  .   (no amulet)
rElec   .          Harm     .   (no ring)
rCorr   .          Rampage  .   (no ring)
Will    .....                   (no ring)
Stlth   ++........              (no ring)
HPRegen 0.09/turn               (no ring)
MPRegen 0.10/turn               (no ring)
                                (no ring)
                                (no ring)

@: no status effects
A: almost no armour, amphibious, 8 rings, camouflage 1, gelatinous body 1,
(nimble swimmer 1), tentacles
a: no special abilities


You were on level 2 of the Dungeon.
You visited 1 branch of the dungeon, and saw 2 of its levels.

You collected 76 gold pieces.

Inventory:

Missiles
 e - 4 poisoned darts
Jewellery
 c - an amulet of reflection
 d - a ring of willpower
Scrolls
 f - 2 scrolls of vulnerability
Potions
 h - a potion of might


   Skills:
 - Level 1.0 Fighting
 + Level 3.4 Dodging
 - Level 3.0 Unarmed Combat
 - Level 2.0 Spellcasting
 + Level 3.5 Transmutations


You had 6 spell levels left.
You knew the following spells:

 Your Spells              Type           Power      Damage    Failure   Level
a - Beastly Appendage     Tmut           22%        N/A       5%          1

Your spell library contained the following spells:

 Spells                   Type           Power      Damage    Failure   Level
 Wereblood                Tmut           11%        N/A       9%          2
 Spider Form              Tmut/Pois      6%         N/A       34%         3
 Ice Form                 Ice/Tmut       6%         N/A       75%         4


Dungeon Overview and Level Annotations

Branches:
Dungeon (2/15)

Altars:


Innate Abilities, Weirdness & Mutations

You cannot wear most types of armour.
You are amphibious.
You can wear up to eight rings at the same time.
Your skin changes colour to match your surroundings (Stealth+).
Your rubbery body absorbs attacks. (AC +1, EV +1)
((You are camouflaged when in or above water. (Stealth+)))
You have tentacles for arms and can constrict up to eight enemies at once.


Message History

The kobold hits you but does no damage. The kobold hits you but does no damage.
The kobold hits you but does no damage. The kobold hits you but does no damage.
The kobold hits you but does no damage. The kobold hits you but does no damage.
The kobold barely misses you.
Your extra speed is starting to run out.
The kobold hits you but does no damage. The kobold hits you but does no damage.
The kobold hits you but does no damage.
Your transformation is almost over.
The kobold hits you but does no damage.
You feel yourself slow down. The kobold hits you but does no damage.
The kobold hits you but does no damage. The kobold hits you but does no damage.
The kobold hits you but does no damage. The kobold hits you but does no damage.
The kobold hits you but does no damage. The kobold hits you but does no damage.
The kobold hits you but does no damage. The kobold barely misses you.
You feel less wooden. The kobold barely misses you.
The kobold closely misses you.
The kobold hits you with a +0 trident of freezing.
* * * LOW HITPOINT WARNING * * *
The kobold freezes you.
* * * LOW HITPOINT WARNING * * *
The goblin hits you from afar with a +0 spear.
* * * LOW HITPOINT WARNING * * *
Items here: ))) †††.
Okay, then.
You tentacle-slap the kobold but do no damage.
Your grab misses the kobold. The kobold closely misses you.
The goblin misses you.
You closely miss the kobold. Your grab misses the kobold.
The kobold hits you with a +0 trident of freezing!
You die...

#.# #.# .. #.#
g #.# #. #.# .
#. ##.#
#.#...#########
#.#
#....JgK@.....#
#..
#.#...#######.#
### ##.# #.# #.
..#####.#######
#
..............#
.#.####.#####.#
#.# #.# #.# #.#
..#####.#####


You could see an endoplasm, a goblin and a kobold.

Vanquished Creatures
  3 gnolls (D:2)
  2 worms (D:2)
  5 dart slugs
  3 ball pythons (D:1)
  5 bats
  4 endoplasms
  A giant cockroach (D:1)
  3 goblins (D:1)
  A hobgoblin (D:2)
  A quokka (D:2)
  2 frilled lizards (D:2)
  4 kobolds (D:1)
  4 rats
38 creatures vanquished.

Notes
Turn   | Place    | Note
-------+----------+-------------------------------------------
     0 | D:1      | Icepheonix32 the Octopode Transmuter began the quest for
                  | the Orb.
     0 | D:1      | Reached XP level 1. HP: 13/13 MP: 3/3
   146 | D:1      | Reached XP level 2. HP: 2/18 MP: 5/5
   949 | D:1      | Reached XP level 3. HP: 19/23 MP: 4/6
  1348 | D:1      | Found a faded altar of an unknown god.
  1981 | D:2      | Reached XP level 4. HP: 8/28 MP: 7/7
  2006 | D:2      | HP: 2/42 [kobold/+0 trident of freezing (1)]
  2049 | D:2      | HP: 1/28 [goblin/+0 spear (1)]
  2051 | D:2      | Mangled by a kobold

Illustrated notes

Levels and vault maps discovered:
D:1:      nicolae_arrival_washed_ashore, layout_basic,
          chequers_ecumenical_altar_twisty
D:2:      layout_loops_ring, minmay_rat_gold_closets

Skill      XL: |  1  2  3 |
---------------+----------+-----
Dodging        | 3 |  3.4
Transmutations | 3 |  3.5
Fighting       | |  1.0
Unarmed Combat | |  3.0
Spellcasting   | |  2.0

Action                   |  1- 3 |  4- 6 || total
-------------------------+-------+-------++-------
Melee: Unarmed           |    86 |    11 ||    97
       Constrict         |    18 |       ||    18
       Kick              |    16 |       ||    16
       Tentacles         |    14 |       ||    14
       Punch             |     6 |       ||     6
 Cast: Beastly Appendage |    18 |       ||    18
  Use: Potion            |     3 |     3 ||     6
       Scroll            |     2 |       ||     2
 Stab: Sleeping          |     7 |       ||     7
Armor: Skin              |    13 |    35 ||    48
Dodge: Dodged            |    55 |     8 ||    63
